[Event "WALTON 40th BAN-ch U20 Girls 2022"]
[Site "Dhaka"]
[Date "2022.02.15"]
[Round "1.2"]
[White "Ayasa, Akter"]
[Black "Jannatul, Ferdous"]
[Result "0-1"]
[ECO "B30"]
[WhiteElo "1168"]
[BlackElo "1852"]
[Annotator "NA RC"]
[PlyCount "76"]
[EventDate "2022.02.15"]
[EventType "swiss"]
[EventCountry "BAN"]
[SourceTitle "playchess.com"]
[Source "ChessBase"]
[SourceQuality "1"]
[TimeControl "5400+30"]

1. e4 c5 2. Nc3 Nc6 3. Nf3 Nf6 4. Bc4 e6 5. d3 d5 6. exd5 exd5 7. Bb3 h6 8. Qe2+ Be7 9. h3 O-O 10. O-O Re8 11. Re1 a6 12. Bd2 (12. a3 $142) 12... b5 13. a3 (13. a4 $17 {keeps fighting.}) 13... c4 14. dxc4 dxc4 15. Ba2 {[%emt 0:00:11] [#]} (15. Bxc4 {is a better defense.} bxc4 16. Qxc4) 15... Bxa3 $1 16. Qd1 Bxb2 17. Rb1 Ba3 18. Nh2 Rxe1+ 19. Qxe1 Bf5 20. Qe3 Bxc2 21. Re1 Qd3 22. Qf4 Bd6 23. Qe3 Re8 24. Qxd3 Rxe1+ 25. Bxe1 Bxd3 26. Nf3 b4 27. Nd1 b3 28. Bxb3 cxb3 29. Nb2 Bc2 30. Bc3 Ne4 31. Bd4 Nxd4 32. Nxd4 Be5 33. Nxc2 bxc2 34. Nd3 Bb2 35. f3 {[%emt 0:00:00] [#]} Nc5 $1 36. Ne1 c1=Q 37. Kf1 Bc3 38. Kf2 Qxe1# 0-1

[Event "WALTON 40th BAN-ch U20 Girls 2022"]
[Site "Dhaka"]
[Date "2022.02.15"]
[Round "1.3"]
[White "Nusrat Jahan, Alo"]
[Black "Alizah, Nusaiba Islam"]
[Result "1-0"]
[ECO "C57"]
[WhiteElo "1818"]
[BlackElo "1150"]
[Annotator "NA RC"]
[PlyCount "53"]
[EventDate "2022.02.15"]
[EventType "swiss"]
[EventCountry "BAN"]
[SourceTitle "playchess.com"]
[Source "ChessBase"]
[SourceQuality "1"]
[TimeControl "5400+30"]

1. e4 e5 2. Nf3 Nc6 3. Bc4 Nf6 4. Ng5 d5 5. exd5 Nxd5 6. Qf3 Qxg5 {[%emt 0:01:53] 6...Qxg5 is better than 6...Be6.} 7. Bxd5 Be6 $2 (7... Nd4 $1 $15 {keeps the upper hand.} 8. Qxf7+ (8. Bxf7+ $2 Ke7 $19) 8... Kd8) 8. Bxc6+ bxc6 9. Qxc6+ Ke7 10. Qxa8 {[%emt 0:00:49] [#]} Qg4 $146 ({Predecessor:} 10... Bf5 11. d4 Qxc1+ 12. Ke2 Qxc2+ 13. Nd2 Bd3+ 14. Ke3 exd4+ 15. Kxd4 Kf6 16. Qf3+ Bf5 {1-0 (41) Torma,K (1115)-Vida,R Gyor 2019}) 11. O-O Qe2 12. Qxa7 Kd7 13. Nc3 Qh5 14. Nb5 Bd6 15. Nxd6 Kxd6 16. d4 Rd8 17. Qc5+ Kd7 18. dxe5 Ke8 19. Qxc7 h6 20. Be3 Rd7 21. Qb8+ Rd8 22. Qb5+ Rd7 23. Rad1 Qf5 24. Qb8+ Ke7 25. Bc5+ Rd6 26. Qxd6+ Ke8 27. Qf8# 1-0

[Event "WALTON 40th BAN-ch U20 Girls 2022"]
[Site "Dhaka"]
[Date "2022.02.15"]
[Round "1.4"]
[White "Noshin, Ayman"]
[Black "Kazi Zarin, Tasnim"]
[Result "0-1"]
[ECO "C50"]
[WhiteElo "1129"]
[BlackElo "1801"]
[Annotator "NA RC"]
[PlyCount "58"]
[EventDate "2022.02.15"]
[EventType "swiss"]
[EventCountry "BAN"]
[SourceTitle "playchess.com"]
[Source "ChessBase"]
[SourceQuality "1"]
[TimeControl "5400+30"]

1. e4 e5 2. Nf3 Nc6 3. Bc4 Bc5 4. O-O Nf6 5. d3 d6 6. h3 a6 7. a4 h6 8. Nbd2 O-O 9. Re1 Re8 10. Nf1 Be6 11. Bxe6 Rxe6 12. Ng3 d5 13. b3 dxe4 14. Nxe4 (14. dxe4 $11 {keeps the balance.} Bb4 15. Rf1) 14... Nxe4 15. Rxe4 f5 16. Re1 e4 17. Nh2 ({White should play} 17. dxe4 Qxd1 18. Rxd1) 17... Qf6 18. Bf4 g5 ({Black should play} 18... Nb4 19. dxe4 Rd8) 19. Bxc7 $2 {[%emt 0:02:06] [#]} (19. Be3 $17 Bb4 20. Bd2) 19... Qf7 ({Better is} 19... Rc8 $1 $19 20. Bg3 f4) 20. b4 $2 (20. dxe4 Qxc7 21. exf5) 20... Bxb4 ({Not} 20... Qxc7 21. bxc5 Rd8 22. Qb1 $14) ({Wrong is} 20... Bxf2+ $2 21. Kxf2 Qxc7 22. Kg1 $19) 21. Bb6 Bxe1 22. Qxe1 exd3 23. Qd1 Nb4 24. a5 Nxc2 25. Rc1 Re1+ 26. Qxe1 Nxe1 27. Rxe1 Re8 28. Rd1 Qb3 29. Ra1 d2 0-1

[Event "WALTON 40th BAN-ch U20 Girls 2022"]
[Site "Dhaka"]
[Date "2022.02.15"]
[Round "1.5"]
[White "Wadifa, Ahmed"]
[Black "Marzuka, Mukarrama"]
[Result "1-0"]
[ECO "B12"]
[WhiteElo "1786"]
[BlackElo "1095"]
[Annotator "NA RC"]
[PlyCount "79"]
[EventDate "2022.02.15"]
[EventType "swiss"]
[EventCountry "BAN"]
[SourceTitle "playchess.com"]
[Source "ChessBase"]
[SourceQuality "1"]
[TimeControl "5400+30"]

1. e4 c6 2. d4 d5 3. e5 c5 4. dxc5 Nc6 5. Nf3 e6 6. Be3 Qc7 7. Bb5 Qa5+ 8. Nc3 a6 9. Bxc6+ bxc6 10. a3 Ne7 11. Nd4 Qc7 12. f4 Nf5 13. Nxf5 exf5 14. b4 Be7 15. O-O O-O 16. Qd3 Rd8 17. Bd4 a5 18. Qg3 Be6 19. b5 cxb5 20. Nxb5 Qc6 21. Nd6 Rf8 22. Rab1 Rab8 23. Qc3 a4 24. Rb4 Rxb4 25. axb4 Bxd6 26. exd6 f6 27. Rb1 Qb5 28. c6 Rc8 29. d7 Ra8 30. Ra1 Kf7 31. Qc5 Qc4 32. Qxc4 dxc4 33. Bb6 Bd5 34. c7 Be6 35. d8=Q Bc8 36. Bc5 Kg6 37. Qe8+ Kh6 38. Ra3 g6 39. Rh3+ Kg7 40. Qf8# 1-0

[Event "WALTON 40th BAN-ch U20 Girls 2022"]
[Site "Dhaka"]
[Date "2022.02.17"]
[Round "3.2"]
[White "Nusrat Jahan, Alo"]
[Black "Jannatul, Ferdousi"]
[Result "1/2-1/2"]
[ECO "C02"]
[WhiteElo "1818"]
[BlackElo "1609"]
[Annotator "NA RC"]
[PlyCount "102"]
[EventDate "2022.02.15"]
[EventType "swiss"]
[EventCountry "BAN"]
[SourceTitle "playchess.com"]
[Source "ChessBase"]
[SourceQuality "1"]
[TimeControl "5400+30"]

1. e4 e6 2. d4 d5 3. e5 c5 4. c3 Nc6 5. Nf3 Nh6 (5... Qb6 $11) 6. a3 (6. Bxh6 $14 gxh6 7. Bb5) 6... a5 ({Better is} 6... Nf5 $11) 7. Bd3 (7. Bxh6 $14 {feels stronger.} gxh6 8. Bb5) 7... Nf5 $1 8. Bxf5 exf5 9. O-O Be7 10. dxc5 Bxc5 11. Nbd2 O-O 12. Nb3 Be7 13. Re1 Be6 14. Nbd4 Qb6 15. Qc2 Bc5 16. Be3 Nxd4 (16... h6 $14 {deserves consideration.}) 17. Bxd4 ({Of course not} 17. Nxd4 $6 f4 18. Bxf4 Bxd4 19. cxd4 Qxd4 $11) (17. cxd4 $6 Be7 $11) 17... Rac8 18. Rad1 Bxd4 19. Nxd4 g6 20. Qd2 Qc5 21. h4 Qe7 22. Qh6 Rfe8 23. g3 Qf8 24. Qf4 Rcd8 25. h5 f6 (25... Bd7 $16 {was called for.} 26. Kg2 Qg7) 26. hxg6 hxg6 27. Kg2 Qg7 28. Re2 ({White should try} 28. exf6 $18 Qxf6 29. Qc7) 28... g5 {[%emt 0:01:34] [#]} (28... fxe5 $1 $14 29. Qxe5 (29. Rxe5 g5 $11) 29... Qxe5 30. Rxe5 Bf7) 29. Nxe6 $1 gxf4 30. Nxg7 Kxg7 31. gxf4 Kf7 {[%emt 0:01:00] [#]} (31... Re6 {was necessary.} 32. Kf3 Kf7) 32. Kf3 (32. Red2 $1 $18 {and White stays clearly on top.}) 32... fxe5 {[%emt 0:00:28] [#]} 33. fxe5 (33. Red2 $1 $16 ) 33... Ke6 34. Rg1 Rg8 35. Rh1 Rh8 36. Rg1 Rdg8 37. Rg3 Rxg3+ 38. fxg3 Rh1 39. Kg2 Rd1 40. Kf3 Rd3+ 41. Re3 Rd2 42. Re2 Rxe2 43. Kxe2 a4 44. Ke3 $11 Kxe5 45. Kd3 b6 46. Ke3 Kd6 47. Kd4 Ke6 48. Kd3 Ke5 49. Ke3 Ke6 50. Kd4 Kd6 51. Ke3 Ke5 1/2-1/2

[Event "WALTON 40th BAN-ch U20 Girls 2022"]
[Site "Dhaka"]
[Date "2022.02.17"]
[Round "3.3"]
[White "Wadifa, Ahmed"]
[Black "Kazi Zarin, Tasnim"]
[Result "0-1"]
[ECO "C70"]
[WhiteElo "1786"]
[BlackElo "1801"]
[Annotator "NA RC"]
[PlyCount "62"]
[EventDate "2022.02.15"]
[EventType "swiss"]
[EventCountry "BAN"]
[SourceTitle "playchess.com"]
[Source "ChessBase"]
[SourceQuality "1"]
[TimeControl "5400+30"]

1. e4 e5 2. Nf3 Nc6 3. Bb5 a6 4. Ba4 b5 5. Bb3 Na5 6. Nxe5 Nxb3 7. axb3 Qe7 {[%emt 0:00:04] 7...Qg5 gains popularity.} 8. d4 d6 9. Nf3 ({But not} 9. Nc6 Qxe4+ 10. Qe2 Qxe2+ 11. Kxe2 Bb7 $15) 9... Qxe4+ 10. Qe2 (10. Be3 $1 $11) 10... Qxe2+ 11. Kxe2 {[%emt 0:00:03] [#]} Bb7 $146 ({Predecessor:} 11... Bg4 12. Re1 Kd7 13. Nbd2 g6 14. h3 Bxf3+ 15. Nxf3 h6 16. d5 Bg7 17. c3 Ne7 {½-½ (65) Pasca,M (1538)-Jancso,B (1303) Calimanesti 2014}) 12. Re1 Kd7 13. Be3 (13. c4 $11) 13... Ne7 14. c4 $1 Nf5 15. g4 Nh6 (15... Nxe3 $15 16. fxe3 Be7) 16. h3 f5 17. g5 $1 ({Of course not} 17. Bxh6 fxg4 18. hxg4 gxh6 $17) 17... Nf7 (17... Re8 $5 18. gxh6 f4 $11) 18. Nh4 (18. d5 $1 $11) 18... g6 (18... Re8 $17 19. f4 {[#]} Nxg5 $1 20. fxg5 f4) 19. Nc3 c6 (19... Re8 $15 20. Kd3 Bg7) 20. cxb5 (20. c5 $11 {keeps the balance.}) 20... cxb5 21. Kd2 {[%emt 0:06:58] [#]} (21. f4 $1 $15) 21... Bg7 (21... Be7 $1 $19 22. f4 b4) 22. f3 (22. Rg1 $17) 22... Nd8 23. Ke2 (23. Ng2 $17) 23... Ne6 24. Red1 Rhe8 25. Kf1 f4 26. d5 fxe3 27. dxe6+ Rxe6 28. Rd3 $2 (28. Ke2) 28... Rf8 29. Kg2 Rf4 30. Kg3 Be5 31. Rxe3 $19 Rxf3+ 0-1

[Event "WALTON 40th BAN-ch U20 Girls 2022"]
[Site "Dhaka"]
[Date "2022.02.17"]
[Round "3.4"]
[White "Tasnia Tarannum, Orpa"]
[Black "Jannatul, Ferdous"]
[Result "0-1"]
[ECO "D02"]
[WhiteElo "1678"]
[BlackElo "1852"]
[Annotator "NA RC"]
[PlyCount "91"]
[EventDate "2022.02.15"]
[EventType "swiss"]
[EventCountry "BAN"]
[SourceTitle "playchess.com"]
[Source "ChessBase"]
[SourceQuality "1"]
[TimeControl "5400+30"]

1. d4 d5 2. Bf4 Nf6 3. Nf3 e6 4. e3 Bd6 5. Nbd2 c5 6. Bb5+ Nc6 $1 7. Ne5 (7. O-O $142) 7... Qc7 (7... O-O $5 ) 8. c3 O-O 9. Ndf3 (9. Ng4 $11 Nxg4 10. Bxd6 Qxd6 11. Qxg4) 9... Ne4 (9... Nh5 $15 {feels stronger.}) 10. Qe2 (10. Nxc6 $15 Bxf4 11. Ne7+ Qxe7 12. exf4) 10... c4 (10... cxd4 $17 11. cxd4 Qa5+ 12. Kf1 Nb4) 11. Nxc6 bxc6 12. Bxd6 Qxd6 13. Ba4 Rb8 14. Ne5 (14. O-O $11) 14... f6 $1 15. Nf3 (15. Nxc6 $142 Rb6 16. f3) 15... Bd7 ({Black should play} 15... e5 $17 16. Qc2 c5) 16. O-O Rb6 17. Rac1 Rfb8 18. b3 Qa3 19. Rc2 Bc8 20. Rb1 $2 (20. Rfc1 $15) 20... Ba6 21. Qe1 cxb3 22. axb3 $2 {[%emt 0:08:22] [#]} (22. Bxb3 Bd3 23. Qc1 Qxc1+ 24. Rbxc1) 22... Bd3 $2 (22... Qxa4 $3 23. bxa4 Rxb1) 23. Rbc1 Bxc2 24. Rxc2 Qe7 ({Better is} 24... Rxb3 $19 25. Bxb3 Qxb3) 25. Rc1 e5 (25... c5 $19 26. h3 cxd4 27. exd4 a5) 26. Qd1 Nd6 (26... Rd8 $17 27. c4 dxc4) 27. Ne1 (27. dxe5 $11 Nf7 28. exf6 Qxf6 29. c4) 27... e4 28. Ra1 (28. c4 $17 {was called for.} Nf5 29. cxd5 cxd5 30. Rc5) 28... a5 29. Qc2 f5 30. Qa2 g5 31. Qc2 f4 32. Rb1 Kh8 33. Qe2 Nb5 34. Rc1 Nd6 $2 (34... Rf8 $19 35. c4 Nc7) 35. Rb1 $1 Qf6 36. Qd2 (36. Rc1 {was called for.}) 36... Rg8 37. Qd1 g4 38. Rb2 $2 (38. exf4 Qxf4 39. Nc2) 38... fxe3 39. fxe3 Rf8 40. Qe2 Nf5 41. Nc2 Ne7 $2 (41... g3 42. h3 Nh4) 42. Rb1 Qg5 43. b4 (43. Rf1 $142 Rbb8 44. Rxf8+ Rxf8 45. Qe1) 43... axb4 44. cxb4 g3 45. h3 Rf2 46. Qd1 $19 0-1

[Event "WALTON 40th BAN-ch U20 Girls 2022"]
[Site "Dhaka"]
[Date "2022.02.17"]
[Round "3.5"]
[White "Omnia Binta Yusuf, Lubaba"]
[Black "Tasfia, Tahsin Prima"]
[Result "1-0"]
[ECO "C64"]
[WhiteElo "1578"]
[BlackElo "1423"]
[Annotator "NA RC"]
[PlyCount "45"]
[EventDate "2022.02.15"]
[EventType "swiss"]
[EventCountry "BAN"]
[SourceTitle "playchess.com"]
[Source "ChessBase"]
[SourceQuality "1"]
[TimeControl "5400+30"]

1. e4 e5 2. Nf3 Nc6 3. Bb5 Bc5 4. c3 Nge7 5. O-O d5 6. Nxe5 O-O 7. Bxc6 Nxc6 8. Nxc6 bxc6 9. d4 Bb6 10. exd5 cxd5 11. Qf3 f5 12. Bf4 c6 13. Qg3 Rf7 14. Nd2 Bc7 15. Bxc7 Rxc7 16. Nf3 a5 17. Rfe1 Bd7 18. Qd6 Qc8 19. Re7 Raa7 20. Rae1 c5 21. Rxg7+ Kxg7 22. Re7+ Kg8 23. Qh6 1-0

[Event "WALTON 40th BAN-ch U20 Girls 2022"]
[Site "Dhaka"]
[Date "2022.02.18"]
[Round "4.2"]
[White "Jannatul, Ferdous"]
[Black "Nusrat Jahan, Alo"]
[Result "1-0"]
[ECO "D02"]
[WhiteElo "1852"]
[BlackElo "1818"]
[Annotator "NA RC"]
[PlyCount "250"]
[EventDate "2022.02.15"]
[EventType "swiss"]
[EventCountry "BAN"]
[SourceTitle "playchess.com"]
[Source "ChessBase"]
[SourceQuality "1"]
[TimeControl "5400+30"]

1. d4 d5 2. Bf4 Nf6 3. e3 e6 4. Nf3 Bd6 5. Bg3 c5 6. c3 Nc6 7. Bd3 O-O 8. Nbd2 b6 9. Ne5 Qc7 10. f4 Ne8 11. O-O f5 12. Bh4 Be7 13. Bxe7 Nxe7 14. Rf3 Nf6 15. Rh3 c4 16. Bc2 Ng6 $2 {[%emt 0:06:13] [#]} (16... h6 $11 {and Black stays safe.}) 17. Nxg6 $1 hxg6 18. Nf3 Ng4 19. Qe2 Bb7 (19... Bd7 $142 20. Qe1 Qd8) 20. Rg3 ({Don't play} 20. Ng5 $6 Qe7 $16) 20... Rf6 21. Ne5 Nh6 22. Rxg6 Rxg6 23. Nxg6 Kh7 24. Ne5 Nf7 25. g4 g6 26. gxf5 exf5 27. Qg2 Nxe5 28. fxe5 ({Don't do} 28. dxe5 Rh8) 28... Qd7 (28... Rg8 {was necessary.} 29. Rf1 Bc8) 29. Rf1 Rf8 30. Rf4 Rf7 (30... Qe7 $142 31. Qg3 Qg7 32. Rh4+ Kg8) 31. Qg5 $2 (31. Rh4+ Kg8 32. Rh6) 31... Kg8 $2 {[%emt 0:01:49] [#]} (31... Qe7 32. Qg2 Rg7) 32. Kf1 $2 (32. Bxf5 $1 Qe8 (32... Qe7 33. Qg4) 33. Kh1) 32... Rg7 33. Bd1 a5 34. h4 Bc8 35. Qf6 b5 36. Bc2 Qe7 37. Qxe7 Rxe7 38. Rf2 Rh7 39. Rf4 b4 40. Ba4 Kf7 41. Bc6 Ke6 42. Kg2 (42. Be8 $18) 42... Bd7 {[%emt 0:00:51] [#]} 43. Bxd7+ $1 Rxd7 44. cxb4 axb4 45. Rf2 Ra7 46. b3 c3 47. Rc2 Ra8 48. Kg3 Rh8 49. Rh2 Rc8 50. Rc2 Rh8 51. Rc1 Ra8 52. Rc2 Rh8 (52... Rc8 $11) 53. Rh2 {[%emt 0:00:30] [#]} Rc8 $2 (53... g5 $1 $19 54. h5 Rc8) 54. Rc2 Rh8 {[%emt 0:00:04] [#]} (54... Kf7 $11) 55. a3 $1 bxa3 56. Rxc3 a2 57. Rc6+ Kf7 58. Ra6 Rb8 59. Rxa2 Rxb3 60. Kf4 Rb1 61. Ra5 Rf1+ 62. Kg3 Re1 63. Kf2 Rh1 64. Rxd5 Rxh4 65. Ra5 f4 66. exf4 Rxf4+ 67. Ke3 g5 68. Ra1 Ke6 69. Ra6+ Kf7 70. d5 Rb4 71. Rf6+ Ke7 72. Rg6 (72. d6+ $142 Kd7 73. Rf7+ Kc6 74. Rc7+ Kb6 75. Rc8 Rb3+ 76. Kd2 Rb2+ 77. Kc1) 72... g4 73. Kf2 (73. d6+ $142 Kf7 74. Rh6 Rb3+ 75. Kf4 Rb4+ 76. Kf5 Rb5 77. Rf6+ Ke8 78. Ke6) 73... Re4 74. Rg7+ (74. d6+ $142 Kd7 75. Rg7+ Ke8 76. Re7+ Kd8 77. Kg3) 74... Kf8 75. Rg5 Ke7 76. Kg3 Kf7 77. Kh4 Kf8 78. e6 Ke7 79. Rxg4 Re5 80. Rg5 (80. Rg7+ $142 Kf6 81. Rf7+ Kg6 82. Rd7 Kf6 83. Kg3 Re4 84. Kf3 Re5 85. Kf4) 80... Re1 81. Kh5 (81. Rg7+ $142 Kf6 82. Rd7) 81... Kd6 82. Kg6 Ke7 83. Kg7 (83. Kh7 $142 Rh1+ 84. Kg8 Kf6 85. Rg7 Re1 86. d6 Rxe6 87. Rf7+ Ke5 88. d7) 83... Rf1 84. Kg6 $2 (84. Kh7 {mates} Kd6 85. Rg7 Kxd5 86. e7 Re1 87. Kg8 Kd4 88. Kf7 Kd3 89. Rg3+ Kd2 90. Rg5) 84... Rf6+ 85. Kh5 Kd6 86. Kg4 Rf1 87. Rf5 Rg1+ 88. Kh5 Rg8 89. Rg5 Rf8 90. Kg6 Ke7 91. Rf5 Rg8+ 92. Kh7 Rg1 93. Rf7+ Ke8 94. Rd7 Rd1 95. Kg6 Rg1+ 96. Kf6 Rf1+ 97. Ke5 Re1+ 98. Kd6 Ra1 99. Rc7 Ra6+ 100. Rc6 Ra8 101. e7 Rb8 102. Ke6 Rb6 103. Kd6 $2 (103. Kf5 {mates} Rb1 104. d6 Kd7 105. Rc7+ Kxd6 {[#]} 106. e8=Q $1 Kxc7 107. Qe5+ Kc8 108. Qc5+ Kb7 109. Qd5+ Kc7 110. Qc4+ Kb6 111. Qd4+ Ka6 112. Qd3+ Rb5+ 113. Ke6) 103... Rb8 104. Rc7 Rb6+ 105. Ke5 $4 Re6+ $1 106. Kd4 Rxe7 107. Rc1 Kd7 108. Kc5 (108. Rb1 $5 ) 108... Re8 109. Rh1 Re7 110. Rh6 Rg7 111. Rd6+ Kc7 112. Rc6+ Kd7 113. Ra6 $16 Rg1 114. Ra7+ Kd8 (114... Ke8 115. Kc6 Rc1+ 116. Kd6) 115. Kc6 Rc1+ (115... Rg6+ 116. d6 Ke8 117. Ra8+ Kf7 118. Kc7 Ke6 119. d7 Rg1 120. d8=Q Rc1+ 121. Kb6) 116. Kd6 Ke8 $4 (116... Kc8 117. Rh7 Rd1 118. Rh8+ Kb7 119. Rh7+ Kb8 120. Rh8+ Kb7 121. Rh7+ Kc8 122. Rh8+ Kb7) 117. Ra8+ Kf7 118. Kd7 Rc5 119. d6 Rc1 120. Ra2 Rf1 121. Rd2 Rf3 122. Kd8 Rc3 123. d7 Ke6 124. Ke8 Rh3 125. Re2+ Kd5 1-0

[Event "WALTON 40th BAN-ch U20 Girls 2022"]
[Site "Dhaka"]
[Date "2022.02.18"]
[Round "4.3"]
[White "Jannatul, Ferdousi"]
[Black "Omnia Binta Yusuf, Lubaba"]
[Result "0-1"]
[ECO "A47"]
[WhiteElo "1609"]
[BlackElo "1578"]
[Annotator "NA RC"]
[PlyCount "70"]
[EventDate "2022.02.15"]
[EventType "swiss"]
[EventCountry "BAN"]
[SourceTitle "playchess.com"]
[Source "ChessBase"]
[SourceQuality "1"]
[TimeControl "5400+30"]

1. d4 Nf6 2. Bf4 e6 3. e3 Be7 4. Nf3 b6 5. Bd3 Bb7 6. Nbd2 Nd5 7. c3 Nxf4 8. exf4 f5 9. Ne5 g6 10. Rg1 c5 11. g4 d6 12. Bb5+ Kf8 13. Nef3 Ba6 14. Bxa6 Nxa6 15. Qe2 Nc7 16. Qf1 Bf6 17. g5 Bg7 18. Qg2 Nd5 19. Qg3 Qd7 20. b3 Rc8 21. Nh4 cxd4 22. c4 Nb4 23. Kf1 e5 24. fxe5 dxe5 25. a3 Nc2 26. Ra2 d3 27. Kg2 e4 28. Kh1 Qd4 29. Qf4 Be5 30. Nhf3 Bxf4 31. Nxd4 Nxd4 32. Rd1 Bxd2 33. Raxd2 Nxb3 34. Rb2 Nd4 35. Rc1 Nc2 0-1

[Event "WALTON 40th BAN-ch U20 Girls 2022"]
[Site "Dhaka"]
[Date "2022.02.18"]
[Round "4.5"]
[White "Israt, Jahan Diba"]
[Black "Shimon, Ahmed"]
[Result "1-0"]
[ECO "B45"]
[WhiteElo "1697"]
[BlackElo "1203"]
[Annotator "NA RC"]
[PlyCount "51"]
[EventDate "2022.02.15"]
[EventType "swiss"]
[EventCountry "BAN"]
[SourceTitle "playchess.com"]
[Source "ChessBase"]
[SourceQuality "1"]
[TimeControl "5400+30"]

1. e4 c5 2. Nf3 Nc6 3. d4 cxd4 4. Nxd4 e6 5. Nc3 Bc5 6. Be3 Bb6 7. Ncb5 d5 8. Bd3 a6 9. Nxc6 bxc6 10. Bxb6 Qxb6 11. Nd6+ Ke7 12. Nxc8+ Rxc8 13. exd5 cxd5 14. b3 Nf6 15. O-O h6 16. Qe2 a5 17. Kh1 Rc5 18. f4 Re8 19. Rae1 Nd7 20. Qg4 Kf8 21. Qf3 e5 22. fxe5 Nxe5 23. Rxe5 Qc7 24. Rxe8+ Kxe8 25. Qe3+ Kf8 26. Bg6 1-0

[Event "WALTON 40th BAN-ch U20 Girls 2022"]
[Site "Dhaka"]
[Date "2022.02.19"]
[Round "5.1"]
[White "Ahmed, Walijah"]
[Black "Jannatul, Ferdous"]
[Result "1-0"]
[ECO "A13"]
[WhiteElo "1953"]
[BlackElo "1852"]
[Annotator "ChessBase"]
[PlyCount "65"]
[EventDate "2022.02.15"]
[EventType "swiss"]
[EventCountry "BAN"]
[SourceTitle "playchess.com"]
[Source "ChessBase"]
[SourceQuality "1"]
[TimeControl "5400+30"]

1. c4 e6 2. b3 d5 3. Bb2 Nf6 4. Nf3 b6 5. e3 Bb7 6. Be2 Be7 7. O-O O-O 8. d4 Ne4 9. Nbd2 Nd7 10. Ne5 Nxe5 11. dxe5 Nxd2 12. Qxd2 dxc4 13. Qxd8 Rfxd8 14. Bxc4 a6 15. Rfd1 Kf8 16. Kf1 Ke8 17. f3 Rxd1+ 18. Rxd1 Rd8 19. Rxd8+ Kxd8 20. Ke2 Kd7 21. g4 h6 22. f4 c5 23. f5 b5 24. Bd3 exf5 25. gxf5 Bg5 26. Ba3 Be7 27. Bb2 Bg5 28. Bc3 Ke7 29. Ba5 Kd7 30. Be1 Ke7 31. h4 c4 32. bxc4 bxc4 33. Bxc4 1-0

[Event "WALTON 40th BAN-ch U20 Girls 2022"]
[Site "Dhaka"]
[Date "2022.02.19"]
[Round "5.2"]
[White "Omnia Binta Yusuf, Lubaba"]
[Black "Kazi Zarin, Tasnim"]
[Result "0-1"]
[ECO "C47"]
[WhiteElo "1578"]
[BlackElo "1801"]
[Annotator "NA"]
[PlyCount "94"]
[EventDate "2022.02.15"]
[EventType "swiss"]
[EventCountry "BAN"]
[SourceTitle "playchess.com"]
[Source "ChessBase"]
[SourceQuality "1"]
[TimeControl "5400+30"]

1. e4 e5 2. Nf3 Nc6 3. d4 exd4 4. Nxd4 Nf6 5. Nc3 Bb4 6. Nxc6 bxc6 7. Bd3 d5 8. exd5 cxd5 9. O-O O-O 10. Qf3 h6 11. a3 Be7 12. Re1 Be6 13. Bxh6 Bg4 $2 (13... gxh6 $11 14. Qg3+ Kh8 15. Rxe6 fxe6) 14. Qg3 ({Much less strong is} 14. Qe3 Re8 $18) ({Better is} 14. Qf4 $18 Bh5 15. Bg5) 14... gxh6 {[%emt 0:14:16] [#]} 15. h3 ({Inferior is} 15. Nxd5 Qxd5 16. Rxe7 Qg5 $15) ({White should try} 15. Qe3 $1 Re8 16. Qxh6) 15... Bd6 16. f4 $1 Kh8 17. hxg4 Rg8 18. Bf5 Qf8 (18... c6 $16 19. Rad1 Ne8) 19. g5 $4 {[%emt 0:07:02] [#]} (19. Qh4 $18 {and all is fine.} Qg7 20. g5) 19... Nh5 $2 (19... Rxg5 $1 $19 20. Qd3 Bxf4) 20. Qh4 Nxf4 21. gxh6 Rxg2+ 22. Kf1 $2 {[%emt 0:05:57] [#]} (22. Kh1 $11 {and White has nothing to worry.} f6 {[#]} 23. Nxd5 $1 ) 22... f6 $1 23. Nxd5 {[%emt 0:05:59] [#]} Rg5 $1 24. Nxf4 Bxf4 $4 (24... Rxf5 $19 {and life is good for Black.} 25. Re4 Qg8) 25. Qxf4 Qxh6 26. Qf3 $2 (26. Bg4 $18) 26... Rag8 27. Ke2 Rg2+ 28. Kd3 {[%emt 0:00:47] [#]} R8g3 $19 ({Weaker is} 28... R2g3 29. Re3 Rxf3 30. Rxf3) 29. Qxg3 Rxg3+ 30. Kc4 Qf4+ 31. Be4 f5 32. Rad1 fxe4 33. Rd8+ Kg7 34. Rd7+ Kg6 35. Red1 e3+ 36. R1d4 Qf1+ 37. Kc5 e2 38. Rxc7 Qf5+ 39. Kc6 e1=Q 40. Rd6+ Qee6 41. Rcd7 Qxc2+ 42. Kb7 Qxb2+ 43. Kxa7 Qxa3+ 44. Kb7 Qexd6 45. Rxd6+ Qxd6 46. Kc8 Rc3+ 47. Kb7 Qb4+ 0-1

[Event "WALTON 40th BAN-ch U20 Girls 2022"]
[Site "Dhaka"]
[Date "2022.02.19"]
[Round "5.3"]
[White "Tasnia Tarannum, Orpa"]
[Black "Israt, Jahan Diba"]
[Result "0-1"]
[ECO "B76"]
[WhiteElo "1678"]
[BlackElo "1697"]
[Annotator "NA"]
[PlyCount "68"]
[EventDate "2022.02.15"]
[EventType "swiss"]
[EventCountry "BAN"]
[SourceTitle "playchess.com"]
[Source "ChessBase"]
[SourceQuality "1"]
[TimeControl "5400+30"]

1. e4 c5 2. Nf3 d6 3. d4 cxd4 4. Nxd4 Nf6 5. Nc3 g6 6. Be3 Bg7 7. f3 O-O 8. Qd2 Nc6 9. O-O-O d5 10. exd5 Nxd5 11. Nxc6 bxc6 12. Bd4 Be6 13. Bxg7 Kxg7 14. Bc4 Nc7 15. Qe2 Qc8 16. h4 Rb8 17. Bxe6 Nxe6 18. h5 Qb7 19. b3 Qc7 20. hxg6 hxg6 21. Qe3 Rh8 22. Ne2 Rxh1 23. Rxh1 Rh8 24. Qc3+ f6 25. Re1 Rh2 26. Qc4 Qe5 27. Rg1 Qe3+ 28. Kb2 c5 29. Rd1 Rxg2 30. Nc3 Nd4 31. Rc1 Nxf3 32. Qa6 Ne1 33. Rxe1 Qxe1 34. Qxa7 Rg1 0-1

[Event "WALTON 40th BAN-ch U20 Girls 2022"]
[Site "Dhaka"]
[Date "2022.02.19"]
[Round "5.4"]
[White "Nusrat Jahan, Alo"]
[Black "Marzuka, Mukarrama"]
[Result "1-0"]
[ECO "B13"]
[WhiteElo "1818"]
[BlackElo "1095"]
[Annotator "NA"]
[PlyCount "73"]
[EventDate "2022.02.15"]
[EventType "swiss"]
[EventCountry "BAN"]
[SourceTitle "playchess.com"]
[Source "ChessBase"]
[SourceQuality "1"]
[TimeControl "5400+30"]

1. e4 c6 2. d4 d5 3. Nc3 e6 4. exd5 cxd5 5. Nf3 Nf6 6. Bf4 a6 7. a3 Nc6 8. Be2 Be7 9. O-O O-O 10. Re1 Re8 11. Bd3 Qb6 12. Na4 Qa7 13. b4 Nxd4 $2 (13... b6 $11) 14. Nxd4 Qxd4 $2 {[%emt 0:00:09] [#]} (14... Bd7) 15. Bxh7+ $1 {[%emt 0:00:15] Discovered Attack} Kxh7 16. Qxd4 Bd7 17. Nb6 Rad8 18. Bc7 Rh8 19. Bxd8 Bxd8 20. Nxd7 Nxd7 21. c4 Nf6 22. c5 Re8 23. a4 Be7 24. b5 Rc8 25. Rac1 Nd7 26. c6 bxc6 27. bxc6 Nf6 28. Qd3+ g6 29. Qxa6 Re8 30. c7 Kg7 31. c8=Q Rxc8 32. Rxc8 Bb4 33. Rb1 Bd2 34. Rb7 Ne4 35. Qxe6 Nc5 36. Qe5+ Kh6 37. Rh8# 1-0

[Event "WALTON 40th BAN-ch U20 Girls 2022"]
[Site "Dhaka"]
[Date "2022.02.19"]
[Round "5.5"]
[White "Wadifa, Ahmed"]
[Black "Jannatul, Ferdousi"]
[Result "1-0"]
[ECO "A13"]
[WhiteElo "1786"]
[BlackElo "1609"]
[Annotator "NA"]
[PlyCount "84"]
[EventDate "2022.02.15"]
[EventType "swiss"]
[EventCountry "BAN"]
[SourceTitle "playchess.com"]
[Source "ChessBase"]
[SourceQuality "1"]
[TimeControl "5400+30"]

1. c4 Nf6 2. b3 e6 3. Bb2 d5 4. Nf3 Be7 5. e3 b6 6. Be2 Bb7 7. O-O O-O 8. Nc3 c5 9. Rc1 d4 10. exd4 cxd4 11. Nb5 d3 12. Bxd3 Qxd3 13. Nc7 Nbd7 14. Nxa8 Bxa8 15. Qc2 Qd6 16. Nd4 Ng4 17. f4 Qc5 18. h3 Nh6 19. Kh1 Qh5 20. Nf3 Nf5 21. Kg1 Ng3 22. Rf2 Nc5 23. d3 Rd8 24. Rd1 Qg6 25. Ne5 Qh5 26. Nf3 Na6 27. a3 Bc5 28. d4 Be7 29. b4 Ne4 30. Re2 Ng3 31. Rf2 Ne4 32. Re2 Ng3 33. Rf2 Be4 34. Qa4 Nc7 35. Qxa7 Bd6 36. Qxb6 Bxf4 37. d5 exd5 38. cxd5 h6 39. Qd4 f6 40. Bc1 Bxf3 41. gxf3 Bxc1 42. Rxc1 Qxh3 1-0